cohdb
Replays
Latest Replays
All Replays
Popular Replays
Top Player Replays
Match Explorer
How It Works
Community
CoH3 Stats
Reddit
Sign in to upload your games and track your stats! →
Sign in with Steam
Match 42269163
Unlisted
Match 42269163
Overview
Messages
Build Orders
End
Construct Barracks
Construct Weapon Support Center
Selects Airborne Battlegroup
Selects Heavy Machine Gun Paradrop
Bazooka Squad
Heavy Machine Gun Paradrop
Bazooka Squad
Improved M9 Bazooka Rockets
Selects Paratrooper Squad Paradrop
Paratrooper Squad Paradrop
Paratrooper Squad Paradrop
Infantry Support Center
Munitions Surplus
Paratrooper Squad Paradrop
Bazooka Squad
Selects Anti-tank Gun Team Paradrop
Anti-tank Gun Team Paradrop
Demolitions Package
Selects Smoke Bombing Run
Selects Supply Drop
Generick
HulkSMASH
Saimin MG
Zoomer
Quejour
Goliath
0
0
Comments
sign in to comment!
No comments posted yet!